cohdb
Replays
Latest Replays
All Replays
Popular Replays
Top Player Replays
Match Explorer
How It Works
Community
CoH3 Stats
Reddit
Sign in to upload your games and track your stats! →
Sign in with Steam
Match 41111969
Unlisted
Match 41111969
Overview
Messages
Build Orders
End
Construct Section Command Post
Dingo Light Scout Car
Dingo Light Scout Car
Dingo Light Scout Car
Dingo Light Scout Car
Royal Engineer Section
Selects Heavy Armor Battlegroup
Selects Light Vehicle Withdraw and Refit
Light Vehicle Withdraw and Refit
Construct Platoon Command Post
Humber Armored Car
Infantry Section
Vickers Machine Gun Team
Humber Armored Car
Humber Armored Car
Light Vehicle Withdraw and Refit
Infantry Section
Infantry Training
CMP 15cwt Truck
Light Vehicle Withdraw and Refit
Infantry Section
Light Vehicle Withdraw and Refit
Construct Company Command Post
6-pounder Anti-tank Gun Team
6-pounder Anti-tank Gun Team
Crusader II Medium Tank
Selects Rigorous Vehicle Training
Grenade Package
[HAN]Diederick Kastner
Kable
FocusFuelOrFaceMyWrath
FalconUK
Doug Dimmadome
Wilson
luc
Aprosarmosto
0
0
Comments
sign in to comment!
No comments posted yet!